cohdb
Replays
Latest Replays
All Replays
Popular Replays
Top Player Replays
Match Explorer
How It Works
Community
CoH3 Stats
Reddit
Sign in to upload your games and track your stats! →
Sign in with Steam
Match 46311783
Unlisted
Match 46311783
Overview
Messages
Build Orders
End
Construct Section Command Post
Selects Australian Defense Battlegroup
Selects Australian Light Infantry Section
Australian Light Infantry Section
Australian Light Infantry Section
Australian Light Infantry Section
Construct Platoon Command Post
Selects 2-pounder Anti-tank Gun Team
Humber Armored Car
2-pounder Anti-tank Gun Team
Australian Light Infantry Section
Royal Engineer Section
KMS Prinz Eugen
KELE
Spirit Chopper
Sanka Rea
mi prima de Cifuentes
牢虎
Prof. Dr. Redbullet (GER)
simiver
0
0
Comments
sign in to comment!
No comments posted yet!